 Dungeon Crawl Stone Soup version 0.30.0-29-ga12c61a403 (webtiles) character file.

Game seed: 10492350966601393408

37 qw the Chopper (level 3, -11/23 HPs)
             Began as a Gargoyle Fighter on June 5, 2023.
             Mangled by Sigmund
             ... wielding a +2 heavy scythe
              (20 damage)
             ... on level 2 of the Dungeon.
             The game lasted 00:00:32 (798 turns).

qw the Chopper (Gargoyle Fighter)                    Turns: 798, Time: 00:00:33

Health: -11/23     AC: 10    Str: 21    XL:     3   Next: 39%
Magic:  3/3        EV:  9    Int:  8    God:
Gold:   28         SH:  4    Dex:  9    Spells: 2/2 levels left

rFire   . . .        Y - +0 war axe (vamp)
rCold   . . .        c - +0 buckler
rNeg    + . .        b - +0 scale mail
rPois   inf          (no helmet)
rElec   +            (no cloak)
rCorr   .            (no gloves)
SInv    .            (no boots)
Will    .....        h - amulet of faith Stlth
                     (no ring)
HPRegen 0.23/turn    (no ring)
MPRegen 0.08/turn

%: faith
@: no status effects
A: sickness immunity, AC +3, negative energy resistance 1, electricity
resistance, torment resistance 1, petrification resistance
a: no special abilities


You were on level 2 of the Dungeon.
You visited 1 branch of the dungeon, and saw 2 of its levels.

You collected 28 gold pieces.


Innate Abilities, Weirdness & Mutations

You are immune to sickness and miasma.
Your stone body is resilient. (AC +3)
You are immune to poison.
You resist negative energy. (rN+)
You are resistant to electric shocks. (rElec)
You are resistant to unholy torment.
You are immune to petrification.


   Skills:
 - Level 3.2 Fighting
 + Level 3.3 Axes
 - Level 3.2 Armour
 - Level 3.2 Shields


You had 2 spell levels left.
You didn't know any spells.
Your spell library was empty.

Inventory:

Hand Weapons
 i - a +0 mace
 Y - a +0 vampiric war axe (weapon)
Armour
 b - a +0 scale mail (worn)
 c - a +0 buckler (worn)
 f - a +2 helmet
Jewellery
 h - an amulet of faith (around neck)
 j - a ring of fire
Scrolls
 g - a scroll of identify {unknown}
Potions
 d - a potion of might
 e - a potion of flight {unknown}

Dungeon Overview and Level Annotations

Branches:
Dungeon (2/15)

Altars:

Shops:
D:1 [

Annotations:
D:2 Sigmund


Message History

Enter note:
Enter note: You miss the kobold.
The kobold hits you but does no damage. x2
You slash the kobold!
You kill the kobold!
You see here a +0 short sword.
You now have 28 gold pieces (gained 9).
Sigmund the Dreaded comes into view.
He is wielding a +2 heavy scythe.
Sigmund shouts!
Sigmund says, "Don't worry, I'll kill you fast."
Enter note:
Enter note:
Enter note:
787 ||| Stepping ~*~*~tactically~*~*~ (hiding).
You start waiting.
Sigmund is nearby!
A bat comes into view.
Sigmund hits you with a +2 heavy scythe!
Ouch! That really hurt!
You closely miss Sigmund. You slash Sigmund!
You feel better.
Sigmund is moderately wounded.
Sigmund closely misses you.
You slash Sigmund!
You feel better.
Sigmund is severely wounded.
Sigmund hits you with a +2 heavy scythe!
Ouch! That really hurt!
You hit Sigmund.
You feel better.
Sigmund is almost dead.
You closely miss Sigmund.
Sigmund is almost dead.
Sigmund closely misses you.
You barely miss Sigmund.
Sigmund is almost dead.
You closely miss Sigmund.
Sigmund is almost dead.
Sigmund hits you with a +2 heavy scythe!!
Ouch! That really hurt!
You die...

#.# ## #.# #.. .# #.#
#.# .#####.# ##.#
.......# ..? .#######
..# .# # #.#####.# >#
... #.@b....# ## .....
#@# # #.#.#.###.#
########.#.......######
......##...#.##.......#
#####.##..............#
......##.#.#.#........#
......##..............#
......##.#............#
#.##..##..............#


You could see Sigmund and a bat.

Vanquished Creatures
  An adder (D:2)
  A worm (D:1)
  2 ball pythons (D:1)
  An endoplasm (D:1)
  A giant cockroach (D:1)
  A goblin (D:1)
  4 hobgoblins
  2 jackals (D:2)
  2 kobolds (D:2)
  5 bats
  A frilled lizard (D:1)
  2 rats
23 creatures vanquished.

Notes
Turn   | Place    | Note
-------+----------+-------------------------------------------
     0 | D:1      | qw the Gargoyle Fighter began the quest for the Orb.
     0 | D:1      | Reached XP level 1. HP: 14/14 MP: 1/1
     0 | D:1      | 0 ||| qw: Version: 0.2-a-108-gee2c290
     0 | D:1      | 0 ||| qw: Game counter: 1338
     0 | D:1      | 0 ||| qw: Always use a shield: true
     0 | D:1      | 0 ||| qw: God list: Okawaru
     0 | D:1      | 0 ||| qw: Allow faded altars: false
     0 | D:1      | 0 ||| qw: Do Orc after D:15 true
     0 | D:1      | 0 ||| qw: Do second Lair branch before Depths: true
     0 | D:1      | 0 ||| qw: Lair rune preference: random
     0 | D:1      | 0 ||| qw: Plans: Normal, Zot:1-4, Slime:5, God:TSO, Crypt,
                  | Tomb, Abyss, Pan, Hells, Win
     0 | D:1      | 0 ||| PLANNING D:1-11
    64 | D:1      | 64 ||| Stepping ~*~*~tactically~*~*~ (stealth).
   136 | D:1      | Reached XP level 2. HP: 19/19 MP: 2/2
   184 | D:1      | Found Fecw's Antique Armour Emporium.
   195 | D:1      | 195 ||| SHOPLISTING +3 crown of Dyrovepreva {rElec Int+2
                  | SInv} (1035 gold, have 8).
   195 | D:1      | 195 ||| SHOPLISTING chain mail (112 gold, have 8).
   195 | D:1      | 195 ||| SHOPLISTING glowing cloak (187 gold, have 8).
   195 | D:1      | 195 ||| SHOPLISTING runed scale mail (175 gold, have 8).
   195 | D:1      | 195 ||| SHOPLISTING shiny plate armour (650 gold, have 8).
   258 | D:1      | 258 ||| Stepping ~*~*~tactically~*~*~ (stealth).
   424 | D:1      | 424 ||| UPGRADING to amulet of faith.
   429 | D:1      | 429 ||| READING scroll labelled LETISO HICVIE.
   432 | D:1      | 432 ||| READING scroll labelled OJIOSEUZOT.
   444 | D:2      | 444 ||| STAIRDANCE
   530 | D:2      | Reached skill level 3 in Axes
   530 | D:2      | Reached XP level 3. HP: 23/23 MP: 3/3
   661 | D:2      | 661 ||| DROPPING +0 club.
   786 | D:2      | Noticed Sigmund
   787 | D:2      | 787 ||| Stepping ~*~*~tactically~*~*~ (hiding).
   798 | D:2      | Mangled by Sigmund

Levels and vault maps discovered:
D:1:      roderic_crop_circles_arrival_small, layout_basic, serial_shops, shop
D:2:      layout_loops_cross, uniq_sigmund

Skill      XL: |  1  2 |
---------------+-------+-----
Axes           | 2 3 |  3.3
Fighting       | |  3.2
Armour         | |  3.2
Shields        | |  3.2

Action                     || total
---------------------------++-------
  Melee: War axe           ||    97
    Use: Scroll            ||     2
 Armour: Scale mail        ||    50
  Dodge: Dodged            ||    39
  Block: Buckler           ||    18

Table legend:
 A = Non-vault XP
 B = Vault XP
 C = Vault XP percentage of total XP
 D = Non-vault monster count
 E = Vault monster count
 F = Vault count percentage of total count
                 A         B        C        D         E       F
            +---------+---------+-------+---------+---------+-------
      Total |      53 |       0 |   0.0 |      23 |       0 |   0.0
            +---------+---------+-------+---------+---------+-------
        D:1 |      24 |       0 |   0.0 |      13 |       0 |   0.0
        D:2 |      29 |       0 |   0.0 |      10 |       0 |   0.0
            +---------+---------+-------+---------+---------+-------
